AoeStats
← Planck Walk

Arabia

508285595Analyzed
4v4 RM · 10d ago on Sep 21, 2026· 30m 35s· 8 players
Game mode
Random Map
Map size
Large (8 player)
Population
200
Speed
Normal
Resources
Standard
Victory
Conquest
Starting age
Dark Age
Ending age
Imperial Age
RankedLock teamsTeams togetherTeam positionsShared explorationLock speedFull tech treeHidden civsTurbo modeCheats
Victory
Defeat
🇺🇸 Britons · United States
1453
+19
🇲🇽 Maya · Mexico
1437
+20
🇺🇸 Franks · United States
1358
+23
🇸🇪 Hindustanis · Sweden
1348
+23
🇦🇷 Maya · Argentina
1578
-23
🇦🇷 Turks · Argentina
1542
-22
🇦🇷 Gurjaras · Argentina
1507
-21
🇲🇽 Britons · Mexico
1456
-19
Leonidas
0:27 Loom
9:38 Feudal Age
10:52 Double-Bit Axe
13:56 Horse Collar
15:26 Fletching
17:43 Padded Archer Armor
22:35 Castle Age
22:38 Crossbowman
23:23 Thumb Ring
25:11 Bodkin Arrow
27:20 Pikeman
Planck Walk
5:27 Loom
10:54 Feudal Age
12:13 Double-Bit Axe
17:54 Scale Barding Armor
17:59 Forging
23:51 Wheelbarrow
24:03 Forging
28:45 Castle Age
Chiro My Hero
3:25 Loom
5:12 Loom
9:23 Feudal Age
10:45 Double-Bit Axe
12:13 Fletching
15:04 Padded Archer Armor
14:49 Horse Collar
18:06 Padded Archer Armor
23:41 Castle Age
24:03 Gold Mining
23:43 Crossbowman
24:19 Bodkin Arrow
26:47 Ballistics
30:27 Leather Archer Armor
EMheLP
5:33 Loom
9:03 Feudal Age
10:06 Double-Bit Axe
11:35 Horse Collar
18:37 Wheelbarrow
20:13 Forging
20:37 Bloodlines
24:37 Castle Age
24:56 Scale Barding Armor
25:08 Gold Mining
25:00 Light Cavalry
26:11 Chain Barding Armor
26:28 Bow Saw
27:28 Husbandry
31:06 Iron Casting
AnuBis Killer
6:19 Loom
10:19 Feudal Age
12:59 Double-Bit Axe
DL | Lich
0:27 Loom
10:04 Feudal Age
13:28 Fletching
15:21 Double-Bit Axe
17:55 Padded Archer Armor
20:18 Town Watch
24:23 Castle Age
22:34 Horse Collar
22:44 Gold Mining
22:50 Gold Mining
24:24 Crossbowman
25:10 Bodkin Arrow
28:51 Ballistics
29:38 Leather Archer Armor
Cyndaquil
8:25 Feudal Age
9:21 Double-Bit Axe
9:46 Loom
10:50 Horse Collar
11:00 Town Watch
17:40 Scale Barding Armor
19:09 Wheelbarrow
24:56 Castle Age
23:17 Forging
24:06 Bloodlines
24:58 Light Cavalry
26:00 Chain Barding Armor
25:57 Bow Saw
Francisco Pizarron
7:02 Loom
9:23 Feudal Age
9:54 Double-Bit Axe
10:16 Horse Collar
18:02 Scale Barding Armor
25:26 Castle Age
24:15 Forging
24:23 Bloodlines
26:52 Chain Barding Armor
Connection lost

Rejoining the realm…

Still unreachable

The connection could not be restored.

Session expired

The server has moved on; the page needs a fresh start.